 Dungeon Crawl Stone Soup version 0.22.0-38-g04b72b8 (webtiles) character file.

46 chorionicmirror the Skirmisher (level 3, 0/30 HPs)
             Began as a Demonspawn Chaos Knight on Aug 25, 2018.
             Slain by a worm (1 damage)
             ... on level 2 of the Dungeon.
             The game lasted 00:05:00 (922 turns).

chorionicmirror the Skirmisher (DsCK)                Turns: 922, Time: 00:05:01

Health: 0/30       AC:  5    Str: 13    XL:     3   Next: 46%
Magic:  3/3        EV: 10    Int: 13    God:    Xom [....*.]
Gold:   68         SH:  0    Dex: 12    Spells: 2/2 levels left

rFire    . . .     SeeInvis .   a - +1 falchion (chaos)
rCold    . . .     Gourm    .   (no shield)
rNeg     . . .     Faith    .   b - +2 leather armour
rPois    .         Spirit   .   (no helmet)
rElec    .         Reflect  .   (no cloak)
rCorr    .         Harm     .   (no gloves)
MR       .....                  (no boots)
Stlth    +.........             (no amulet)
HPRegen  0.10/turn              (no ring)
MPRegen  0.08/turn              (no ring)

@: flying, drained
A: hooves 1
a: Renounce Religion


You were on level 2 of the Dungeon.
You worshipped Xom.
You were a beloved toy of Xom.
You were not hungry.

You visited 1 branch of the dungeon, and saw 2 of its levels.

You collected 68 gold pieces.

Inventory:

Hand Weapons
 a - a +1 falchion of chaos (weapon)
Missiles
 e - 32 sling bullets
Armour
 b - a +2 leather armour (worn)
Scrolls
 d - a scroll of enchant armour {unknown}
 j - a scroll of identify {unknown}
Potions
 f - 2 potions of flight
 g - a potion of brilliance {unknown}
 h - a potion of haste {unknown}
 k - a potion of mutation {unknown}
Comestibles
 c - 5 rations
 i - 4 chunks of flesh


   Skills:
 + Level 3.6(2.5) Fighting
 * Level 3.4(2.3) Long Blades
 + Level 2.0(1.0) Armour
 + Level 1.0(0.0) Dodging


You had 2 spell levels left.
You didn't know any spells.
Your spell library was empty.

Dungeon Overview and Level Annotations

Branches:
Dungeon (2/15)

Altars:


Innate Abilities, Weirdness & Mutations

You have large cloven feet.


Message History

The worm glows mottled viridian for a moment.
You kick the worm, but do no damage.
The worm is lightly wounded.
The worm bites you.
You slash the worm!
The worm flickers and vanishes!
Deactivating autopickup; reactivate with Ctrl-A.
Xom thinks this is hilarious!
You closely miss something. Something bites you.
You see here a bat corpse.
Something bites you!
* * * LOW HITPOINT WARNING * * *
You emit a cloud of colourful smoke!
You barely miss something. You kick something. You barely miss something.
Something bites you.
* * * LOW HITPOINT WARNING * * *
It was a potion of flight.
You feel very buoyant.
You fly up into the air.
Something bites you.
You die... "This toy is broken."

.###...... ........
..##..... ........ ......
......... ...#...# .#....
......## ##.# .. #..!...
)......# #.. ###. .%.....
.......# #.# #.. .......
.......###.# #.# .......
......)#...###.####.....[.
...............§@§§$......
.....)########§####.......
.......# #.# .......
.......# #.# ##.....
...............# ###..
..>....>........ .
................
...............#
.....#........


There were no monsters in sight!

Vanquished Creatures
  A dart slug (D:1)
  A leopard gecko (D:1)
  5 bats
  5 giant cockroaches
  6 hobgoblins
  4 jackals (D:1)
  2 frilled lizards
  3 goblins (D:1)
  6 kobolds
  5 rats
38 creatures vanquished.

Notes
Turn   | Place    | Note
-------+----------+-------------------------------------------
     0 | D:1      | chorionicmirror the Demonspawn Chaos Knight began the quest for the Orb.
     0 | D:1      | Reached XP level 1. HP: 18/18 MP: 1/1
    13 | D:1      | XOM: divination: magic mapping
   144 | D:1      | Gained mutation: You have large cloven feet. [demonic ancestry]
   144 | D:1      | Reached XP level 2. HP: 21/24 MP: 2/2
   196 | D:1      | XOM: cast spell 'Olgreb's Toxic Radiance'
   210 | D:1      | Reached skill level 1 in Dodging
   416 | D:1      | XOM: mild Fire miscast
   425 | D:1      | Reached XP level 3. HP: 26/29 MP: 3/3
   484 | D:1      | XOM: summons 1 hostile demon
   849 | D:2      | XOM: draining
   919 | D:2      | XOM: smoke on damage
   921 | D:2      | HP: 1/30 [something (6)]
   922 | D:2      | Slain by a worm

Skill      XL: |  1  2 |
---------------+-------+-----
Long Blades    | 3 |  3.4
Dodging        | 1 |  1.0
Armour         | 2 |  2.0
Fighting       | |  3.6

Action                   || total
-------------------------++-------
Melee: Falchion          ||   115
       Kick              ||    20
  Use: Scroll            ||     5
       Potion            ||     1
 Stab: Confused          ||     1
Armor: Leather armour    ||    39
Dodge: Dodged            ||    66
       Rpst.: Falchion   ||    15
